 Dungeon Crawl Stone Soup version 0.26-a0-43-g20b394cb32 (webtiles) character file.

Game seed: 16009406362689961611

131433 Fv001 the Peltast (level 17, 0/131 HPs)
             Began as a Formicid Fighter on June 3, 2020.
             Was the Champion of Okawaru.
             Slain by a harpy (14 damage)
             ... on level 1 of the Shoals.
             The game lasted 01:35:40 (26941 turns).

Fv001 the Peltast (Formicid Fighter)               Turns: 26941, Time: 01:35:41

Health: 0/131      AC: 21    Str: 26    XL:     17   Next: 67%
Magic:  25/25      EV:  8    Int:  9    God:    Okawaru [******]
Gold:   3104       SH: 18    Dex: 15    Spells: 16/16 levels left

rFire    + + +     SeeInvis +   b - +3 arbalest (vorpal)
rCold    + . .     Gourm    .   e - +2 shield of Resistance {rF+ rC+ MR+}
rNeg     . . .     Faith    .   N - +1 plate armour of Utuasif {Harm Str-4 Slay+2}
rPois    +         Spirit   .   (helmet unavailable)
rElec    +         Reflect  .   Q - +2 cloak {rPois}
rCorr    .         Harm     +   x - +2 pair of gloves
MR       +++..                  W - +2 pair of boots "Rayh" {rElec}
Stlth    ..........             l - amulet of regeneration
HPRegen  0.71/turn              i - +6 ring of strength
MPRegen  0.19/turn              H - ring "Upnameyr" {*Corrode rElec rF+++ MR+ Str+2}

@: corroded
A: permanent stasis, dig shafts and tunnels, four strong arms, antennae 3
a: Dig, Shaft Self, Heroism, Finesse, Renounce Religion


You were on level 1 of the Shoals.
You worshipped Okawaru.
Okawaru was exalted by your worship.
You were not hungry.

You visited 5 branches of the dungeon, and saw 25 of its levels.
You also visited: Sewer, Bailey and Ice Cave.

You collected 3436 gold pieces.
You spent 332 gold pieces at shops.

Inventory:

Hand Weapons
 a - a +7 battleaxe of venom
 b - a +3 vorpal arbalest (weapon)
 c - a +2 great mace of protection
 p - a +6 battleaxe of freezing
Missiles
 s - 167 bolts (quivered)
Armour
 e - the +2 shield of Resistance (worn) {rF+ rC+ MR+}
   (You found it on level 12 of the Dungeon)

   It protects you from fire.
   It protects you from cold.
   It affects your resistance to hostile enchantments.
 q - a scarf of resistance
 x - a +2 pair of gloves (worn)
 N - the +1 plate armour of Utuasif (worn) {Harm Str-4 Slay+2}
   (You found it on level 10 of the Dungeon)

   It affects your strength (-4).
   It affects your accuracy and damage with ranged weapons and melee attacks
   (+2).
   It increases damage dealt and taken.
 O - the +2 scale mail "Sasy" {rC+ rN+ Dex-5}
   (Okawaru gifted it to you on level 9 of the Dungeon)

   It affects your dexterity (-5).
   It protects you from cold.
   It protects you from negative energy.
 Q - a +2 cloak of poison resistance (worn)
 W - the +2 pair of boots "Rayh" (worn) {rElec}
   (You bought it in a shop on level 2 of the Orcish Mines)

   It insulates you from electricity.
 Y - a +4 plate armour of positive energy
 Z - +0 ice dragon scales
Jewellery
 i - a +6 ring of strength (left hand)
 j - an uncursed ring of protection from cold
 l - an amulet of regeneration (around neck)
 t - a +6 ring of dexterity
 y - a cursed ring of teleportation {unknown}
 H - the ring "Upnameyr" (right hand) {*Corrode rElec rF+++ MR+ Str+2}
   (You took it off a gnoll sergeant on level 7 of the Dungeon)

   [ring of protection from magic]

   It affects your strength (+2).
   It renders you almost immune to fire.
   It insulates you from electricity.
   It affects your resistance to hostile enchantments.
   It may corrode you when you take damage.
 L - a +6 ring of strength
 S - an uncursed ring of protection from cold
Wands
 v - a wand of clouds (13)
 w - a wand of flame (41)
 B - a wand of polymorph (6)
 F - a wand of random effects (20)
 G - a wand of enslavement (21)
 I - a wand of paralysis (2)
 R - a wand of disintegration (29)
 V - a wand of iceblast (21)
Scrolls
 g - 2 scrolls of blinking {unknown}
 h - 3 scrolls of immolation
 m - 15 scrolls of remove curse
 A - a scroll of enchant armour
 C - a scroll of vulnerability {unknown}
 D - 9 scrolls of fog
 P - 3 scrolls of fear
 T - 2 scrolls of magic mapping {unknown}
 U - a scroll of random uselessness {unknown}
Potions
 k - 2 potions of heal wounds
 n - 8 potions of curing
 o - 6 potions of flight
 r - 4 potions of cancellation
 u - 3 potions of lignification
 z - 2 potions of mutation {unknown}
 J - a potion of invisibility {unknown}
 M - 4 potions of brilliance {unknown}
 X - 5 potions of ambrosia
Comestibles
 f - 62 rations


   Skills:
 + Level 11.5 Fighting
 * Level 14.1 Axes
 * Level 14.2 Crossbows
 * Level 15.4 Armour
 * Level 18.6 Shields
 + Level 10.9 Invocations


You had 16 spell levels left.
You didn't know any spells.
Your spell library contained the following spells:

 Spells                   Type           Power        Failure   Level  Hunger
 Apportation              Tloc           #.....       95%         1    ##.....
 Beastly Appendage        Tmut           #.....       95%         1    ##.....
 Corona                   Hex            #......      95%         1    ##.....
 Foxfire                  Conj/Fire      #...         95%         1    ##.....
 Freeze                   Ice            #...         95%         1    ##.....
 Magic Dart               Conj           #...         95%         1    ##.....
 Sting                    Tmut/Pois      #...         95%         1    ##.....
 Summon Butterflies       Summ           #.......     95%         1    ##.....
 Summon Small Mammal      Summ           #...         95%         1    ##.....
 Call Imp                 Summ           #.......     99%         2    ###....
 Poisonous Vapours        Pois/Air       #.....       99%         2    ###....
 Searing Ray              Conj           #.....       99%         2    ###....
 Slow                     Hex            #.......     99%         2    ###....
 Sticks to Snakes         Tmut           #.......     99%         2    ###....
 Sublimation of Blood     Necr           #.........   99%         2    ###....
 Call Canine Familiar     Summ           #.......     100%        3    ####...
 Conjure Flame            Conj/Fire      #.......     100%        3    ####...
 Dazzling Flash           Conj/Hex       #.....       100%        3    ####...
 Frozen Ramparts          Ice            #.....       100%        3    ####...
 Ignite Poison            Fire/Tmut/Pois #.......     100%        3    ####...
 Inner Flame              Hex/Fire       #.......     100%        3    ####...
 Mephitic Cloud           Conj/Pois/Air  #.......     100%        3    ####...
 Ozocubu's Armour         Chrm/Ice       #.......     100%        3    ####...
 Portal Projectile        Hex/Tloc       #.....       100%        3    ####...
 Spider Form              Tmut/Pois      #.........   100%        3    ####...
 Summon Guardian Golem    Hex/Summ       #.......     100%        3    ####...
 Cause Fear               Hex            #.........   100%        4    #####..
 Fulminant Prism          Conj/Hex       #.........   100%        4    #####..
 Hailstorm                Conj/Ice       #.......     100%        4    #####..
 Ice Form                 Ice/Tmut       #.......     100%        4    #####..
 Iskenderun's Mystic Bla  Conj/Tloc      #.......     100%        4    #####..
 Leda's Liquefaction      Hex/Erth       #.........   100%        4    #####..
 Olgreb's Toxic Radiance  Pois           #.......     100%        4    #####..
 Petrify                  Tmut/Erth      #.......     100%        4    #####..
 Sticky Flame             Conj/Fire      #.......     100%        4    #####..
 Summon Ice Beast         Ice/Summ       #.......     100%        4    #####..
 Summon Lightning Spire   Summ/Air       #.......     100%        4    #####..
 Alistair's Intoxication  Tmut/Pois      #.......     100%        5    ######.
 Blade Hands              Tmut           #.........   100%        5    ######.
 Bolt of Magma            Conj/Fire/Erth #.........   100%        5    ######.
 Fireball                 Conj/Fire      #.........   100%        5    ######.
 Irradiate                Conj/Tmut      #.........   100%        5    ######.
 Iskenderun's Battlesphe  Conj/Chrm      #.......     100%        5    ######.
 Metabolic Englaciation   Hex/Ice        #.........   100%        5    ######.
 Summon Mana Viper        Hex/Summ       #.......     100%        5    ######.
 Eringya's Noxious Bog    Tmut/Pois      #.........   100%        6    #######
 Freezing Cloud           Conj/Ice/Air   #.........   100%        6    #######
 Iron Shot                Conj/Erth      #.........   100%        6    #######
 Ozocubu's Refrigeration  Ice            #.........   100%        6    #######
 Simulacrum               Ice/Necr       #.........   100%        6    #######
 Starburst                Conj/Fire      #.........   100%        6    #######
 Orb of Destruction       Conj           #.........   100%        7    #######
 Spellforged Servitor     Conj/Summ      #.........   100%        7    #######
 Summon Hydra             Summ           #.........   100%        7    #######
 Disjunction              Tloc           #.........   100%        8    #######


Dungeon Overview and Level Annotations

Branches:
Dungeon (15/15)            Temple (1/1) D:4            Lair (6/6) D:11
 Shoals (1/4) Lair:3        Snake (0/4) Lair:3        Slime (0/5) Lair:5
    Orc (2/2) D:11            Elf (0/3) Orc:2        Vaults (0/5) D:13
 Depths (0/5) D:15          Sewer (visited)          Bailey (visited)
  IceCv (visited)

Altars:
Ashenzari
Cheibriados
Dithmenos
Elyvilon
Fedhas
Gozag
Hepliaklqana
Kikubaaqudgha
Makhleb
Nemelex Xobeh
Okawaru
Qazlal
Ru
Sif Muna
Trog
Uskayaw
Vehumet
Wu Jian
Xom
Yredelemnul
Zin
The Shining One
Beogh
Jiyva

Shops:
Orc:2 =[[[

Annotations:
D:12 1 runed translucent door


Innate Abilities, Weirdness & Mutations

You cannot be hasted, slowed, berserked, paralysed or teleported.
You can dig through walls and to a lower floor.
Your four strong arms can wield two-handed weapons with a shield.
You have a pair of large antennae on your head. (SInv)


Message History

Aim: a snapping turtle You shoot a bolt.
The bolt hits the snapping turtle but does no damage.
Firing (i - inventory)
s - 169 bolts (quivered)
Press: ? - help, Shift-Dir - straight line, f/p - snapping turtle
Aim: a snapping turtle You shoot a bolt.
The bolt hits the snapping turtle but does no damage.
You hear a splash.
Firing (i - inventory)
s - 168 bolts (quivered)
Press: ? - help, Shift-Dir - straight line, f/p - snapping turtle
Aim: a snapping turtle You shoot a bolt.
The bolt hits the snapping turtle!
The snapping turtle is moderately wounded.
You block the harpy's attack. The harpy claws you but does no damage.
The harpy claws you.
* * * LOW HITPOINT WARNING * * *
The harpy barely misses you. You block the harpy's attack. x2
The harpy claws you!
You die...

≈≈≈. ##### ≈≈≈≈≈.. ##...##.
≈≈..≈≈≈≈≈..# #######.......
≈≈≈≈≈≈≈≈≈..####...##........
≈≈≈≈≈≈≈.....#........†≈...≈.
≈((≈≈≈≈≈≈≈.....#..:≈≈.†(.≈≈≈
≈≈≈≈≈≈≈≈≈≈≈≈..####....†..≈≈≈
≈≈≈≈≈≈≈≈...≈..≈≈....##.###.(≈≈≈≈
≈≈≈≈≈≈.....≈...@...t...# #..≈(≈≈
≈≈≈≈≈ ###<...#H.≈....###...≈((
≈≈≈≈≈ ##..###.........!.....
≈≈≈≈≈. #..###..≈≈......≈...#
≈≈≈≈≈≈### ##.##...≈≈≈≈≈≈≈≈≈≈...
≈≈≈≈≈≈..# ##.....≈≈≈≈≈≈≈≈≈≈≈
≈≈≈≈≈≈≈.####.....≈≈≈≈≈≈≈≈≈≈≈≈
≈≈≈≈≈≈≈≈≈...≈.≈≈≈≈≈≈≈≈≈≈≈≈≈≈≈
..≈≈≈≈≈≈≈≈≈≈≈≈≈≈...≈≈≈≈≈≈≈≈≈


You could see a snapping turtle and a harpy.

Vanquished Creatures
  Saint Roka (Orc:2)
  Jorgrun (Orc:2)
  Rupert (D:15)
  A frost giant (IceCv)
  A stone giant (Orc:2)
  Snorg (D:13)
  An ettin (Orc:2)
  2 fire dragons (D:12)
  Josephine (D:13)
  A yaktaur captain (D:15)
  Erolcha (D:10)
  A merfolk avatar (Lair:6)
  3 ice dragons
  7 hydras
  Harold (Lair:1)
  The ghost of endorz the Fighter, a novice HOFi of Qazlal (D:8)
  6 centaur warriors
  11 two-headed ogres
  3 tengu warriors
  10 death yaks
  Urug (Lair:6)
  6 orc high priests (Orc:2)
  Sonja (Orc:2)
  The ghost of Zaque the Demonic Catastrophe, a novice DsMo of Qazlal (D:7)
  7 unseen horrors
  A sea snake (Lair:6)
  Pikel (D:6)
  A necromancer (D:13)
  7 harpies (Shoals:1)
  6 orc knights
  2 deep elf magi
  3 manticores
  4 orc sorcerers
  5 cyclopes
  2 ugly things
  A merfolk siren (Lair:3)
  Joseph (D:9)
  6 black mambas (Lair:6)
  An ice statue (IceCv)
  2 elephants (Lair:6)
  A torpor snail (Lair:6)
  A gargoyle (D:12)
  19 spiny frogs
  7 rime drakes
  3 kobold demonologists (D:12)
  8 komodo dragons
  A yaktaur (D:15)
  A redback zombie (D:15)
  The ghost of sirjames the Magician, a novice DEIE (D:4)
  24 polar bears
  A tengu conjurer (D:14)
  A merfolk (Shoals:1)
  A wind drake (Lair:6)
  A queen bee (Lair:3)
  3 trolls
  A meliai (D:13)
  2 hornets (Lair:6)
  9 hippogriffs
  11 slime creatures
  12 dream sheep
  14 blink frogs
  2 meliai zombies
  2 shadows
  5 wraiths
  3 water elementals
  3 hogs (D:7)
  4 wyverns (Lair:6)
  A vampire (D:13)
  6 basilisks
  A human (D:7)
  66 yaks
  A hungry ghost (D:9)
  A steam dragon (D:4)
  A warg (Orc:1)
  3 nagas (Lair:3)
  A soldier ant (D:12)
  18 water moccasins
  An acid dragon (D:15)
  10 porcupines
  39 orc warriors
  4 sky beasts
  21 ogres
  5 black bears
  2 necrophages
  7 phantoms
  2 eyes of draining
  19 wolves
  12 centaurs
  14 crocodiles
  4 big kobolds
  A crocodile (shapeshifter) (D:13)
  21 bullfrogs
  A wyvern zombie (D:14)
  4 gnoll sergeants (D:7)
  A wyvern skeleton (D:12)
  3 scorpions
  31 killer bees
  A howler monkey (D:6)
  12 wights
  7 electric eels
  7 crimson imps
  3 centaur zombies
  7 hounds
  4 jellies
  28 orc wizards
  2 bullfrog zombies (D:12)
  2 gnoll shamans
  Crazy Yiuf (D:4)
  36 orc priests
  2 bullfrog skeletons
  4 centaur skeletons
  3 iguanas
  15 worker ants
  A hound skeleton (D:4)
  A howler monkey zombie (D:11)
  2 worker ant zombies
  3 howler monkey skeletons
  14 adders
  14 gnolls
  3 river rats
  5 shadow imps
  12 white imps (Lair:1)
  An adder zombie (D:7)
  2 adder skeletons
  2 worms
  A dart slug (D:2)
  6 leopard geckos
  146 orcs
  10 giant cockroaches
  14 goblins
  11 hobgoblins
  3 jackals
  4 quokkas
  5 bats
  6 frilled lizards
  A jackal skeleton (D:5)
  35 kobolds
  A leopard gecko skeleton (D:3)
  9 rats
  A bush (Lair:5)
  3 fungi
  15 plants
1021 creatures vanquished.

Vanquished Creatures (others)
  A two-headed ogre (D:13)
  2 meliai (D:13)
  A yak (IceCv)
  An ogre (D:6)
  A necrophage (D:6)
  A slave (D:6)
  A wolf (IceCv)
  A jelly (D:8)
  An orc wizard (Orc:2)
  A quokka (D:11)
  3 fungi
  26 plants
40 creatures vanquished.

Grand Total: 1061 creatures vanquished

Notes
Turn   | Place    | Note
-------+----------+-------------------------------------------
     0 | D:1      | Fv001 the Formicid Fighter began the quest for the Orb.
     0 | D:1      | Reached XP level 1. HP: 18/18 MP: 1/1
    72 | D:1      | Reached XP level 2. HP: 24/24 MP: 2/2
   326 | D:1      | Reached skill level 4 in Shields
   410 | D:1      | Reached XP level 3. HP: 29/29 MP: 3/3
  1160 | D:2      | Reached XP level 4. HP: 35/35 MP: 4/4
  1617 | D:2      | Reached XP level 5. HP: 41/41 MP: 5/5
  1887 | D:2      | Found a bloodstained altar of Trog.
  2429 | D:3      | Found a glowing silver altar of Zin.
  2807 | D:4      | Reached skill level 5 in Shields
  2807 | D:4      | Reached XP level 6. HP: 43/48 MP: 6/6
  2829 | D:4      | Noticed a sky beast
  2831 | D:4      | Noticed a steam dragon
  2854 | D:3      | Killed a sky beast
  2854 | D:3      | Reached skill level 5 in Armour
  2889 | D:4      | Reached XP level 7. HP: 54/54 MP: 7/7
  2904 | D:4      | Reached skill level 6 in Shields
  2996 | D:4      | Found a hazy altar of Hepliaklqana.
  3103 | D:4      | Found a glowing drain.
  3138 | Sewer    | Entered a sewer
  3201 | Sewer    | Reached skill level 7 in Shields
  3226 | Sewer    | Found a white marble altar of Elyvilon.
  3314 | D:4      | Reached XP level 8. HP: 45/61 MP: 8/8
  3377 | D:4      | Reached skill level 5 in Axes
  3489 | D:4      | Found a runed translucent door.
  3490 | D:4      | Noticed Crazy Yiuf
  3503 | D:4      | Killed Crazy Yiuf
  3503 | D:4      | Reached skill level 8 in Shields
  3729 | D:4      | Found a staircase to the Ecumenical Temple.
  3738 | Temple   | Entered the Ecumenical Temple
  3778 | Temple   | Became a worshipper of Warmaster Okawaru
  3871 | D:4      | Found a shadowy altar of Dithmenos.
  3882 | D:4      | You fall into a shaft and drop 1 floor!
  3882 | D:5      | Entered Level 5 of the Dungeon
  3926 | D:5      | Reached skill level 5 in Fighting
  4015 | D:5      | Reached skill level 9 in Shields
  4039 | D:5      | Reached XP level 9. HP: 51/68 MP: 9/9
  4147 | D:4      | Found a runed translucent door.
  4147 | D:4      | Noticed sirjames's ghost (novice DEIE)
  4319 | D:4      | Killed sirjames's ghost
  4319 | D:4      | Reached * piety under Okawaru
  4460 | D:5      | Reached skill level 10 in Shields
  4471 | D:5      | You fall into a shaft and drop 1 floor!
  4471 | D:6      | Found a shimmering blue altar of Sif Muna.
  4471 | D:6      | Noticed Pikel
  4492 | D:6      | Found an ornate altar of the Wu Jian Council.
  4553 | D:6      | Killed Pikel
  4553 | D:6      | Reached skill level 1 in Invocations
  4955 | D:5      | Found a stormy altar of Qazlal.
  5052 | D:6      | Reached skill level 11 in Shields
  5102 | D:6      | Reached ** piety under Okawaru
  5184 | D:6      | Found a burning altar of Makhleb.
  5184 | D:6      | Found a snail-covered altar of Cheibriados.
  5456 | D:7      | Reached XP level 10. HP: 74/76 MP: 11/11
  5623 | D:7      | Found a transporter.
  5642 | D:7      | Identified the +1 scale mail of Okawaru's Whim {MR+ Stlth+}
  5642 | D:7      | Identified the +2 buckler of Dynog {rF+ Dex+3 Stlth+}
  5763 | D:7      | Found an opulent altar of Gozag.
  5950 | D:7      | Found a transporter.
  5957 | D:7      | Noticed Zaque's ghost (novice DsMo)
  5961 | D:7      | Identified the ring "Upnameyr" {*Corrode rElec rF+++ MR+
                  | Str+2}
  6136 | D:7      | Reached *** piety under Okawaru
  6136 | D:7      | Reached skill level 12 in Shields
  6334 | D:7      | Killed Zaque's ghost
  6334 | D:7      | Reached **** piety under Okawaru
  6758 | D:8      | Found a transporter.
  6860 | D:8      | Found a glowing golden altar of the Shining One.
  6862 | D:8      | Noticed an angel
  6879 | D:8      | Found a basalt altar of Yredelemnul.
  6881 | D:8      | Noticed a profane servitor
  7042 | D:8      | Reached skill level 1 in Crossbows
  7088 | D:8      | Noticed endorz's ghost (novice HOFi)
  7093 | D:8      | Found a transporter.
  7475 | D:8      | Received a gift from Okawaru
  7475 | D:8      | Reached skill level 13 in Shields
  7602 | D:8      | Reached XP level 11. HP: 59/81 MP: 12/14
  7618 | D:8      | Killed endorz's ghost
  8178 | D:9      | Noticed Joseph
  8184 | D:9      | Reached skill level 10 in Armour
  8193 | D:9      | Killed Joseph
  8193 | D:9      | Reached ***** piety under Okawaru
  8201 | D:9      | Received a gift from Okawaru
  8210 | D:9      | Got a faintly glowing scale mail {god gift}
  8221 | D:9      | Identified the +2 scale mail "Sasy" {rC+ rN+ Dex-5}
                  | (Okawaru gifted it to you on level 9 of the Dungeon)
  8501 | D:10     | Entered Level 10 of the Dungeon
  8535 | D:10     | Got a fine plate armour
  8566 | D:10     | Identified the +1 plate armour of Utuasif {Harm Str-4
                  | Slay+2} (You found it on level 10 of the Dungeon)
  8590 | D:10     | Noticed a two-headed ogre
  8607 | D:10     | Killed a two-headed ogre
  8607 | D:10     | Reached skill level 5 in Crossbows
  8607 | D:10     | Reached skill level 14 in Shields
  8607 | D:10     | Reached skill level 5 in Invocations
  8703 | D:10     | Noticed Erolcha
  8720 | D:10     | Killed Erolcha
  8782 | D:10     | Noticed an eight-headed hydra
  8792 | D:10     | Killed an eight-headed hydra
  9409 | D:11     | Reached XP level 12. HP: 90/90 MP: 16/16
  9438 | D:11     | Found a staircase to the Orcish Mines.
  9495 | D:11     | Found a white marble altar of Elyvilon.
  9962 | D:11     | Found a staircase to the Lair.
 10513 | Lair:1   | Entered Level 1 of the Lair of Beasts
 10513 | Lair:1   | Found a radiant altar of Vehumet.
 10562 | Lair:1   | Found a frozen archway.
 10564 | Lair:1   | Noticed Harold
 10587 | Lair:1   | Killed Harold
 10684 | IceCv    | Entered an ice cave
 10691 | IceCv    | Reached skill level 10 in Axes
 10691 | IceCv    | Reached skill level 15 in Shields
 10965 | IceCv    | Received a gift from Okawaru
 11290 | IceCv    | Reached XP level 13. HP: 88/99 MP: 17/17
 11815 | IceCv    | Noticed a frost giant
 11865 | IceCv    | Killed a frost giant
 11968 | IceCv    | Identified Zeckurem's Tome of Scorching Dislocation
 12167 | Lair:1   | Received a gift from Okawaru
 12167 | Lair:1   | Reached skill level 10 in Crossbows
 12172 | Lair:1   | Got a faintly humming scale mail {god gift}
 12183 | Lair:1   | Identified the +0 scale mail of Daisies {rElec rC- Dex+3}
                  | (Okawaru gifted it to you on level 1 of the Lair of Beasts)
 12402 | Lair:1   | Noticed a five-headed hydra
 12406 | Lair:1   | Killed a five-headed hydra
 13760 | Lair:3   | Reached skill level 16 in Shields
 13893 | Lair:3   | Reached XP level 14. HP: 108/108 MP: 19/19
 14157 | Lair:3   | Found a staircase to the Snake Pit.
 14561 | Lair:3   | Found a staircase to the Shoals.
 14856 | Lair:4   | Received a gift from Okawaru
 15137 | Lair:4   | Reached ****** piety under Okawaru
 15162 | Lair:4   | Received a gift from Okawaru
 16286 | Lair:5   | Received a gift from Okawaru
 16467 | Lair:5   | Found a viscous altar of Jiyva.
 16467 | Lair:5   | Found a staircase to the Slime Pits.
 16476 | Lair:5   | Received a gift from Okawaru
 16979 | Lair:6   | Entered Level 6 of the Lair of Beasts
 17023 | Lair:6   | Noticed Urug
 17057 | Lair:5   | Reached XP level 15. HP: 15/115 MP: 15/21
 17217 | Lair:6   | Killed Urug
 17222 | Lair:6   | Reached skill level 10 in Fighting
 17752 | Lair:6   | Reached skill level 17 in Shields
 17961 | Lair:6   | Received a gift from Okawaru
 18019 | Lair:6   | Received a gift from Okawaru
 18950 | D:12     | Found the +2 shield of Resistance {rF+ rC+ MR+}
 18951 | D:12     | Found a runed translucent door.
 18951 | D:12     | Found a runed translucent door.
 19271 | D:12     | You fall into a shaft and drop 3 floors!
 19271 | D:15     | Entered Level 15 of the Dungeon
 19385 | D:13     | Reached XP level 16. HP: 79/123 MP: 23/23
 19456 | D:13     | Found a flagged portal.
 19466 | Bailey   | Entered a bailey
 20028 | D:13     | Noticed Snorg
 20038 | D:13     | Noticed Josephine
 20040 | D:13     | Killed Snorg
 20058 | D:13     | Killed Josephine
 20556 | D:12     | Received a gift from Okawaru
 21434 | D:13     | Reached skill level 10 in Invocations
 21488 | D:13     | Found a gate to the Vaults.
 22565 | D:15     | Reached skill level 18 in Shields
 22788 | D:15     | Noticed Rupert
 22801 | D:15     | Killed Rupert
 23185 | D:15     | Found a staircase to the Depths.
 23205 | D:15     | Received a gift from Okawaru
 23728 | Orc:1    | Entered Level 1 of the Orcish Mines
 23746 | Orc:1    | Found a roughly hewn altar of Beogh.
 23914 | Orc:1    | Reached XP level 17. HP: 131/131 MP: 24/24
 24316 | Orc:2    | Entered Level 2 of the Orcish Mines
 24387 | Orc:2    | Found a roughly hewn altar of Beogh.
 24432 | Orc:2    | Reached skill level 15 in Armour
 24505 | Orc:2    | Found Kim Dosut's Antique Armour Boutique.
 24530 | Orc:2    | Found Kutan's Antique Armour Shop.
 24548 | Orc:2    | Bought a pair of smoking boots for 332 gold pieces
 24558 | Orc:2    | Identified the +2 pair of boots "Rayh" {rElec} (You bought
                  | it in a shop on level 2 of the Orcish Mines)
 24737 | Orc:2    | Noticed Sonja
 24740 | Orc:2    | Killed Sonja
 24967 | Orc:2    | Noticed Saint Roka
 25022 | Orc:2    | Killed Saint Roka
 25148 | Orc:2    | Found a roughly hewn altar of Beogh.
 25301 | Orc:2    | Found Owee's Jewellery Boutique.
 25480 | Orc:2    | Found Huosavadgh's Antique Armour Emporium.
 25704 | Orc:2    | Received a gift from Okawaru
 25938 | Orc:2    | Noticed Jorgrun
 25950 | Orc:2    | Killed Jorgrun
 26429 | Orc:2    | Found a staircase to the Elven Halls.
 26852 | Shoals:1 | Entered Level 1 of the Shoals
 26918 | Shoals:1 | HP: 5/131 [snapping turtle (16)]
 26941 | Shoals:1 | Slain by a harpy

Illustrated notes

Levels and vault maps discovered:
D:1:      dpeg_arrival_pond, layout_basic
D:2:      layout_basic, lightli_temple_of_fire, kennysheep_generic_room_4
D:3:      layout_loops_ring, lemuel_coloured_pillars_altar
D:4:      layout_basic, kennysheep_mini, lemuel_doored_altar,
          minmay_temple_entry_trees, first_ration, gammafunk_ghost_grave,
          portal_sewer_entry_c, minmay_manual_mandibuliform,
          uniq_crazy_yiuf_cottage
D:5:      layout_loops_ring, nicolae_qazlal_eye_of_the_storm
D:6:      layout_rooms, kennysheep_mini_moat, overflow_temple_1_default,
          amethyst_overflow_temple_binary, uniq_pikel
D:7:      layout_loops_cross, grunt_gozag_statues,
          gammafunk_ghost_gnarly_gnolls, grunt_livestock
D:8:      layout_loops_corners, grunt_temple_overflow_holy_war,
          gammafunk_ghost_smash
D:9:      layout_loops_cross, uniq_joseph
D:10:     layout_cave_pools, uniq_erolcha
D:11:     layout_grid_maze, lair_entry_dummy, hiddenorc2_lemuel,
          elyvilon_altar_4
D:12:     layout_stronghold, kennysheep_path_1, minmay_guarded_unrand_resistance
D:13:     layout_loops_ring, david_vaults_1, enter_bailey_6, uniq_josephine,
          uniq_snorg
D:14:     layout_rooms
D:15:     grunt_enter_depths_snipers, layout_loops_ring,
          chequers_serial_rivers_small_a, serial_bayou, serial_bayou_lagoon_a,
          serial_bayou_pond_d, serial_bayou_ford_a, serial_bayou_shore_b,
          uniq_rupert
Temple:   cyrus_temple_forest
Lair:1:   layout_roguey, basic_altar, portal_ice_cave_entry_imps, ldierk_geyser,
          patterned_corridor, uniq_harold
Lair:2:   layout_big_grid, grunt_megastairs_5, serial_bayou_shore_a
Lair:3:   layout_roguey [special_room_bee], elwin_shoals_entry_rooms,
          minmay_snake_entry_guardpost_small, serial_forest,
          infiniplex_forest_end_double, infiniplex_forest_clump_double,
          infiniplex_forest_straight_4, infiniplex_forest_lined_room_3,
          infiniplex_forest_clump_tiny, infiniplex_forest_corner_2,
          infiniplex_forest_clump_small, infiniplex_forest_lined_1,
          infiniplex_forest_lined_1, serial_bayou_shore_b
Lair:4:   layout_regular_city, gauntlet_entry_generic, serial_bayou,
          serial_bayou_pond_c, serial_bayou_shore_b, serial_bayou_pond_e,
          serial_bayou_pond_b, serial_bayou_crossing, lemuel_fruit_tree
Lair:5:   layout_long_grid, dpeg_slime_entry_enclosed_altar, beast_lair_carwin_3
Lair:6:   gammafunk_lair_ancient_temple, layout_long_grid, grunt_megastairs_4,
          uniq_urug
Shoals:1: layout_shoals
Orc:1:    layout_caves, serial_shops, basic_altar
Orc:2:    pubby_orc_utopia, uniq_sonja, uniq_jorgrun

Skill      XL: |  1  2  3  4  5  6  7  8  9 10 11 12 13 14 15 16 17 |
---------------+----------------------------------------------------+-----
Shields        | 4 5 7 9 11 13 14 15 16 17 18 | 18.6
Armour         | 4 5 6 7 8 9 10 11 12 13 14 15 | 15.4
Axes           | 3 4 5 7 8 9 10 11 12 13 14 | 14.1
Fighting       | 4 5 6 7 8 9 10 11 | 11.5
Invocations    | 2 4 5 6 7 8 9 10 | 10.9
Crossbows      | 1 6 8 10 12 13 14 | 14.2

Action                   |  1- 3 |  4- 6 |  7- 9 | 10-12 | 13-15 | 16-18 || total
-------------------------+-------+-------+-------+-------+-------+-------++-------
Melee: War axe           |   105 |   134 |   297 |   916 |   146 |       ||  1598
       Unarmed           |       |       |     4 |       |       |       ||     4
       Morningstar       |       |       |       |     4 |       |       ||     4
       Battleaxe         |       |       |       |       |   688 |   438 ||  1126
       Great mace        |       |       |       |       |    18 |     8 ||    26
 Fire: Hand crossbow     |       |       |       |       |    95 |   126 ||   221
       Arbalest          |       |       |       |       |       |   171 ||   171
Invok: Heroism           |       |       |     1 |     7 |     5 |     4 ||    17
       Finesse           |       |       |       |       |     5 |     3 ||     8
 Abil: Dig               |       |     1 |     1 |       |     3 |     2 ||     7
Evoke: Wand              |       |       |       |     1 |     1 |     1 ||     3
  Use: Scroll            |     2 |     1 |     1 |     5 |    14 |    11 ||    34
       Potion            |       |       |     1 |     3 |     6 |     3 ||    13
 Stab: Paralysed         |       |       |       |     4 |       |       ||     4
  Eat: Chunk             |     1 |     6 |     9 |    19 |    28 |    24 ||    87
       Ration            |       |       |       |     1 |       |       ||     1
Armor: Scale mail        |    39 |    44 |   101 |   219 |   121 |       ||   524
       Skin              |       |       |     1 |       |       |       ||     1
       Plate armour      |       |       |       |   136 |   280 |   234 ||   650
Dodge: Dodged            |    24 |    44 |   100 |   309 |   203 |   116 ||   796
Block: Kite shield       |    66 |    87 |   189 |   695 |   657 |   463 ||  2157

Table legend:
 A = Non-vault XP
 B = Vault XP
 C = Vault XP percentage of total XP
 D = Non-vault monster count
 E = Vault monster count
 F = Vault count percentage of total count
                 A         B        C        D         E       F
            +---------+---------+-------+---------+---------+-------
      Total |  103582 |   84180 |  44.8 |     607 |     397 |  39.5
            +---------+---------+-------+---------+---------+-------
        D:1 |      51 |       0 |   0.0 |      30 |       0 |   0.0
        D:2 |      95 |       2 |   2.1 |      32 |       1 |   3.0
        D:3 |       9 |     166 |  94.9 |       5 |       2 |  28.6
        D:4 |     725 |     585 |  44.7 |      21 |       9 |  30.0
        D:5 |     689 |       0 |   0.0 |      22 |       0 |   0.0
        D:6 |     777 |     629 |  44.7 |      27 |       1 |   3.6
        D:7 |     864 |    2257 |  72.3 |      28 |      18 |  39.1
        D:8 |     554 |    1408 |  71.8 |      14 |       5 |  26.3
        D:9 |    1120 |     466 |  29.4 |      24 |       1 |   4.0
       D:10 |    3453 |    1048 |  23.3 |      25 |       1 |   3.8
       D:11 |    4357 |     476 |   9.8 |      46 |      32 |  41.0
       D:12 |    7171 |    4074 |  36.2 |      34 |       4 |  10.5
       D:13 |   12709 |    4948 |  28.0 |      55 |       8 |  12.7
       D:14 |    7470 |       0 |   0.0 |      19 |       0 |   0.0
       D:15 |   11533 |    5165 |  30.9 |      35 |       4 |  10.3
     Lair:1 |    5343 |    1083 |  16.9 |      19 |      13 |  40.6
     Lair:2 |    2349 |     425 |  15.3 |      11 |       1 |   8.3
     Lair:3 |    5112 |    2681 |  34.4 |      25 |      28 |  52.8
     Lair:4 |    8297 |     282 |   3.3 |      37 |       2 |   5.1
     Lair:5 |    8913 |    3180 |  26.3 |      25 |       6 |  19.4
     Lair:6 |   14500 |   11283 |  43.8 |      48 |      30 |  38.5
   Shoals:1 |    4793 |       0 |   0.0 |       9 |       0 |   0.0
      Orc:1 |    2698 |       0 |   0.0 |      16 |       0 |   0.0
      Orc:2 |       0 |   29521 | 100.0 |       0 |     149 | 100.0
      Sewer |       0 |     133 | 100.0 |       0 |       7 | 100.0
     Bailey |       0 |    1575 | 100.0 |       0 |      25 | 100.0
      IceCv |       0 |   12793 | 100.0 |       0 |      50 | 100.0
            +---------+---------+-------+---------+---------+-------
